Map: Zen EE

Players

MrFercho - Winner!

  • Race: Zerg Zerg
  • League: Silver
  • Spawn Location: 7:00

ANUNNAKI

  • Race: Protoss Protoss
  • League: Bronze
  • Spawn Location: 1:00

VOD

Have the link to the VOD?

Description

Time

  • Played on: May 26, 2020, 9:54 p.m.
  • Length: 24:18
Show
View Real Time Build Order
Export as new Build Order

MrFercho Zerg - Winner!

Build Orders: Pool First, Zergling Baneling 

Get SALT Encoding   

  12  0:01  Drone  
  13  0:24  Spawning Pool  
  13  0:28  Drone  
  13  0:33  Extractor, Drone  
  13  0:42  Overlord  
  13  1:13  Zergling x6  
  16  1:23  Queen  
  18  1:51  Hatchery  
  17  1:57  Zergling x4  
  19  2:05  Drone  
  20  2:24  Drone x2  
  22  2:35  Overlord  
  22  2:43  Extractor  
  21  2:45  Drone  
  22  2:56  Metabolic Boost  
  22  3:04  Baneling Nest  
  21  3:07  Drone x2  
  21  3:09  Drone  
  24  3:25  Zergling x6  
  27  4:13  Baneling  
  27  4:14  Baneling x15  
  27  4:19  Zergling x2  
  27  4:20  Zergling x6  
  23  4:48  Zergling x2  
  23  4:49  Zergling x10  
  25  5:18  Drone  
  25  5:19  Drone x4  
  30  5:31  Baneling x7  
  30  5:32  Baneling  
  30  5:45  Lair  
  24  6:48  Hatchery  
  24  6:54  Hydralisk Den  
  22  7:00  Evolution Chamber  
  21  7:24  Grooved Spines  
  21  7:26  Zerg Missile Weapons Level 1  
  21  7:29  Hydralisk x4  
  23  7:30  Hydralisk  
  23  7:36  Overlord  
  31  8:11  Drone x7  
  38  8:20  Overseer  
  38  8:29  Hydralisk x2  
  42  8:42  Extractor  
  42  8:44  Extractor  
  40  9:04  Muscular Augments  
  40  9:12  Evolution Chamber  
  39  9:18  Spore Crawler  
  39  9:22  Drone x3  
  41  9:26  Drone  
  41  9:27  Drone x5  
  47  9:32  Queen  
  49  9:44  Overlord x2  
  49  9:50  Zerg Ground Armor Level 1  
  49  10:07  Hydralisk  
  49  10:08  Hydralisk x3  
  57  10:20  Drone x3  
  60  10:33  Infestation Pit  
  59  10:40  Zerg Missile Weapons Level 2  
  59  10:46  Hydralisk  
  59  10:47  Hydralisk x2  
  65  11:04  Overlord x3  
  65  11:05  Overlord x2  
  65  11:15  Hive  
  65  11:29  Hydralisk  
  65  11:30  Hydralisk x3  
  73  11:39  Drone x3  
  77  11:40  Drone x2  
  78  12:00  Hydralisk x4  
  86  12:19  Hatchery  
  85  12:31  Drone x8  
  85  12:32  Drone x2  
  95  12:46  Zerg Ground Armor Level 2  
  95  12:58  Zerg Missile Weapons Level 3  
  95  13:04  Hydralisk x3  
  101  13:26  Hydralisk x2  
  105  13:28  Overlord x2  
  105  13:29  Overlord  
  105  14:04  Hydralisk x4  
  105  14:05  Hydralisk x5  
  123  14:19  Drone x3  
  126  14:27  Extractor  
  125  14:32  Extractor, Hydralisk  
  125  14:33  Hydralisk x5  
  125  14:35  Overlord x3  
  136  14:57  Nydus Network  
  135  15:06  Lurker Den  
  134  15:16  Pneumatized Carapace  
  134  15:20  Burrow  
  134  15:26  Overseer  
  134  15:59  Drone x3  
  137  16:10  Overseer  
  137  16:22  Hydralisk  
  137  16:23  Hydralisk x6  
  151  16:26  Overlord x2  
  151  16:41  Zerg Ground Armor Level 3  
  151  17:03  Nydus Canal  
  151  18:00  Queen  
  153  18:18  Hatchery  
  152  18:26  Hatchery  
  151  18:56  Hydralisk  
  151  18:57  Overlord x2  
  151  18:58  Overlord x2  
  153  19:11  Spore Crawler  
  153  19:12  Spore Crawler  
  153  19:13  Spore Crawler  
  150  19:19  Spore Crawler x2  
  150  19:20  Spore Crawler  
  147  19:28  Hydralisk x8  
  147  19:29  Hydralisk x5  
  173  19:57  Drone x3  
  176  20:11  Adaptive Talons  
  176  20:16  Hydralisk x8  
  176  20:17  Hydralisk x4  
  200  21:09  Seismic Spines  
  186  21:27  Hydralisk  
  186  21:28  Hydralisk x8  
  186  21:29  Hydralisk  
  170  21:55  Hydralisk  
  170  21:56  Hydralisk x13  
  188  22:25  Hydralisk  
  188  22:26  Hydralisk x9  
Show
View Real Time Build Order
Export as new Build Order

ANUNNAKI Protoss 

Build Orders:  

Get SALT Encoding   

  12  0:13  Pylon  
  12  0:41  Forge  
  12  0:48  Pylon  
  11  1:25  Photon Cannon  
  11  1:34  Photon Cannon  
  11  1:47  Pylon  
  11  2:00  Photon Cannon  
  11  2:08  Photon Cannon  
  11  2:20  Photon Cannon  
  11  2:29  Gateway  
  11  2:34  Pylon  
  11  2:40  Assimilator  
  11  2:46  Probe (Chrono Boost)  
  12  2:56  Probe (Chrono Boost)  
  13  3:01  Probe (Chrono Boost)  
  14  3:12  Probe  
  15  3:21  Cybernetics Core  
  15  3:31  Photon Cannon  
  15  3:41  Pylon  
  15  3:46  Photon Cannon  
  15  3:54  Assimilator  
  15  4:17  Probe (Chrono Boost)  
  16  4:28  Probe (Chrono Boost)  
  17  4:33  Pylon, Probe (Chrono Boost)  
  18  4:41  Photon Cannon  
  18  4:44  Probe  
  19  4:56  Probe  
  20  5:04  Photon Cannon  
  19  5:24  Photon Cannon  
  19  5:35  Photon Cannon  
  19  5:47  Shield Battery  
  19  5:54  Probe (Chrono Boost)  
  21  6:05  Probe (Chrono Boost)  
  21  6:08  Zealot  
  21  6:10  Probe (Chrono Boost)  
  24  6:20  Probe  
  25  6:28  Pylon  
  25  6:34  Pylon  
  25  6:35  Zealot  
  27  6:40  Pylon  
  27  6:47  Pylon  
  27  6:55  Photon Cannon  
  27  7:02  Shield Battery, Zealot  
  29  7:11  Photon Cannon  
  29  7:20  Pylon  
  29  7:29  Photon Cannon, Zealot  
  31  7:35  Shield Battery  
  31  7:58  Forge  
  31  8:13  Gateway  
  31  8:59  Photon Cannon  
  31  9:05  Stalker  
  31  9:06  Stalker  
  35  9:35  Stalker  
  35  9:36  Stalker  
  39  9:45  Nexus  
  39  9:51  Assimilator  
  39  10:00  Assimilator  
  39  10:05  Stalker  
  39  10:06  Stalker  
  43  10:10  Pylon  
  43  10:18  Pylon  
  43  10:31  Photon Cannon  
  43  10:35  Photon Cannon  
  43  10:47  Photon Cannon  
  43  10:54  Photon Cannon  
  43  11:01  Shield Battery  
  43  11:10  Pylon  
  43  11:47  Robotics Facility  
  43  11:51  Pylon  
  43  11:59  Pylon  
  43  12:14  Stargate  
  43  13:03  Void Ray  
  47  13:22  Photon Cannon  
  47  13:29  Photon Cannon  
  47  13:40  Photon Cannon  
  47  13:46  Void Ray  
  47  13:48  Probe (Chrono Boost)  
  52  13:59  Probe (Chrono Boost)  
  53  14:03  Probe (Chrono Boost)  
  53  14:08  Zealot  
  53  14:09  Zealot  
  58  14:29  Void Ray  
  62  14:35  Zealot  
  62  14:36  Zealot  
  62  14:38  Pylon  
  66  14:58  Probe (Chrono Boost)  
  67  15:10  Void Ray (Chrono Boost), Probe (Chrono Boost)  
  72  15:14  Probe (Chrono Boost)  
  72  15:15  Immortal  
  77  15:45  Void Ray  
  77  15:46  Pylon  
  81  15:53  Photon Cannon  
  81  15:54  Immortal  
  85  16:10  Photon Cannon  
  85  16:27  Void Ray  
  89  16:34  Immortal  
  89  16:39  Pylon  
  93  16:48  Pylon  
  93  17:44  Photon Cannon  
  93  17:51  Nexus  
  93  17:57  Pylon  
  93  18:06  Cybernetics Core  
  93  18:13  Assimilator  
  93  18:21  Assimilator  
  93  18:31  Pylon  
  93  18:46  Pylon  
  93  18:53  Pylon  
  93  19:07  Photon Cannon  
  93  19:37  Void Ray  
  97  19:57  Warp Prism  
  99  20:07  Stargate  
  99  20:14  Pylon  
  99  20:20  Void Ray  
  103  20:24  Fleet Beacon  
  103  20:36  Stargate  
  103  20:50  Protoss Shields Level 1  
  103  21:02  Void Ray  
  32  21:45  Void Ray  
  10  22:07  Zealot  
  14  22:28  Void Ray  
  1  23:41  Pylon  
Tags
 
Matchup
PvZ
Opening
Pool First
Replay Pack
MrFercho
Spawn Locations
Cross Positions
Add a new tag
Caveats
  • Supply blocks, unpowered buildings, or Contaminate may cause inaccurate times.
  • Supply counts are checked every 10 seconds.